 Dungeon Sprint DCSS version 0.17-a0-1046-ga09e34d (webtiles) character file.

28 drasked the Covert (level 2, -3/13 HPs)
             Began as a Spriggan Enchanter on May 15, 2015.
             Slain by an ogre
             ... wielding a +0 giant club
              (16 damage)
             ... in the Dungeon (Sprint I: "Red Sonja").
             The game lasted 00:01:34 (91 turns).

drasked the Covert (Spriggan Enchanter)               Turns: 91, Time: 00:01:34

Health: -3/13      AC:  3    Str:  4    XL:     2   Next: 96%
Magic:  0/8        EV: 18    Int: 16    God:
Gold:   0          SH:  0    Dex: 16    Spells: 2 memorised, 6 levels left

rFire  . . .     SeeInvis +     a - +1 dagger
rCold  . . .     Clarity  .     b - +1 robe
rNeg   . . .     SustAb   .     (shield restricted)
rPois  .         Gourm    .     (helmet restricted)
rElec  .         Spirit   .     (no cloak)
rCorr  .         Warding  .     (gloves unavailable)
rMut   .         NoTele   +     (boots unavailable)
MR     .....                    (no amulet)
Stlth  ++++......               (no ring)
                                (no ring)

@: very slightly contaminated, very quick, not resistant to hostile
enchantments, stealthy
A: unfitting armour, see invisible, herbivore 3, speed 3, slow metabolism 2
a: no special abilities


You were in the Dungeon.
You were not hungry.

You visited 1 branch

Inventory:

Hand weapons
 a - a +1 dagger (weapon)
Armour
 b - a +1 robe (worn)
Scrolls
 j - a scroll of blinking {!r}
Potions
 e - a potion of curing
 f - a potion of heal wounds
 g - a potion of haste
 h - 2 potions of magic
 i - a potion of berserk rage {!q}
Books
 c - a book of Maledictions
Comestibles
 d - a bread ration {@e1}


   Skills:
 + Level 3.2 Short Blades
 - Level 3.0 Dodging
 * Level 8.0 Stealth
 + Level 4.3 Spellcasting
 - Level 3.6 Hexes


You had 6 spell levels left.
You knew the following spells:

 Your Spells              Type           Power        Failure   Level  Hunger
a - Ensorcelled Hibernat  Hex/Ice        #.....       14%         2    ##.....
v - Corona                Hex            ###....      4%          1    None


Dungeon Overview and Level Annotations

Branches:
Dungeon (1/1)

Altars:


Innate Abilities, Weirdness & Mutations

You are tiny and cannot use many weapons and most armour.
You have supernaturally acute eyesight.
You are a herbivore.
You cover ground extremely quickly.
You need consume almost no food.


Message History

You open the door.
Ijyb the Twisted Goblin comes into view.
He is wielding a dagger.
There is an open door here.
The helpless Ijyb fails to defend himself.
You impale Ijyb!! Ijyb misses you.
You closely miss Ijyb. Ijyb closely misses you.
You barely miss Ijyb. Ijyb barely misses you.
You hit Ijyb. Ijyb completely misses you.
You barely miss Ijyb. Ijyb completely misses you.
You hit Ijyb. Ijyb hits you but does no damage.
You hit Ijyb. Ijyb barely misses you.
You hit Ijyb but do no damage. Ijyb barely misses you.
You closely miss Ijyb. Ijyb barely misses you.
You hit Ijyb. Ijyb completely misses you.
You hit Ijyb. Ijyb misses you.
You closely miss Ijyb. Ijyb barely misses you.
You miss Ijyb. You hit Ijyb.
You kill Ijyb!
Your Short Blades skill gained 2 levels and is now at level 3!
Your Stealth skill gained 4 levels and is now at level 8!
Your Spellcasting skill gained 2 levels and is now at level 4!
You have reached level 2!
Health restored: 13
Things that are here:
a dagger; the goblin corpse of Ijyb
Things that are here:
a dagger; the goblin corpse of Ijyb You open the door.
An ogre comes into view. It is wielding a giant club.
There is an open door here.
The ogre barely misses you. The ogre hits you with a giant club.
You take 1 damage, and have 12/13 hp.
There is an open door here.
Things that are here:
a dagger; the goblin corpse of Ijyb
There is an open door here.
There is a fountain of clear blue water here.
Memorise Ensorcelled Hibernation, consuming 2 spell levels and leaving 6?
You start memorising the spell.
You continue memorising.
You continue memorising.
You finish memorising.
Spell assigned to 'a'.
Aim: an ogre, wielding a giant club (chance to defeat MR: 40%)
The ogre resists with some effort.
You now have 5/8 mp.
Aim: an ogre, wielding a giant club (chance to defeat MR: 40%)
The ogre resists with some effort.
The ogre misses you.
You now have 4/8 mp.
Aim: an ogre, wielding a giant club (chance to defeat MR: 40%)
The ogre resists with some effort.
The ogre completely misses you.
You now have 2/8 mp.
Aim: an ogre, wielding a giant club (chance to defeat MR: 40%)
The ogre resists with some effort.
The ogre closely misses you.
You now have 0/8 mp.
The ogre closely misses you.
There is an open door here.
There is an open door here.
As you close the door, it creaks loudly!
An ogre opens the door.
You close the door.
An ogre opens the door.
You close the door.
An ogre opens the door.
You close the door.
An ogre opens the door.
You close the door.
An ogre opens the door.
Health restored: 13 You close the door.
An ogre opens the door.
As you close the door, it creaks loudly!
An ogre opens the door.
You close the door.
An ogre opens the door.
You close the door.
An ogre opens the door.
You close the door.
An ogre opens the door.
You close the door.
An ogre opens the door.
As you close the door, it creaks loudly!
An ogre opens the door.
You close the door.
An ogre opens the door.
There's a creature in the doorway!
Aim: an ogre, wielding a giant club (chance to defeat MR: 40%)
You miscast Ensorcelled Hibernation.
You are very lightly contaminated with residual magic.
Frost covers your body.
You now have 0/8 mp.
The ogre completely misses you.
There is an open door here.
Things that are here:
a dagger; the goblin corpse of Ijyb
There is an open door here.
You close the door.
An ogre opens the door.
You close the door.
An ogre opens the door.
You close the door.
An ogre opens the door.
You close the door.
An ogre opens the door.
You close the door.
An ogre opens the door.
You close the door.
An ogre opens the door.
Aim: an ogre, wielding a giant club (chance to defeat MR: 40%)
You miscast Ensorcelled Hibernation.
Frost spreads across the the floor.
You now have 0/8 mp.
The ogre hits you with a giant club!
Ouch! That really hurt!
You die...

##########
#<.#.)'..#
#..'..#..+
#..#####+#
#..# #O@#
#..# #⌠⌠#
####


You could see an ogre.

Vanquished Creatures
  Ijyb (D)
1 creature vanquished.

Notes
Turn   | Place    | Note
--------------------------------------------------------------
     0 | D        | drasked the Spriggan Enchanter began the quest for the Orb.
     0 | D        | Reached XP level 1. HP: 9/9 MP: 5/5
     2 | D        | Noticed Ijyb
    18 | D        | Killed Ijyb
    18 | D        | Reached skill level 3 in Short Blades
    18 | D        | Reached skill level 8 in Stealth
    18 | D        | Reached skill level 4 in Spellcasting
    18 | D        | Reached XP level 2. HP: 13/13 MP: 6/8
    23 | D        | Noticed an ogre
    40 | D        | Learned a level 2 spell: Ensorcelled Hibernation
    91 | D        | Slain by an ogre

Vault maps used:
D:        dungeon_sprint_1

Action                   || total
-------------------------++-------
Melee: Dagger            ||    14
 Cast: Ensorcelled Hiber ||     4
 Stab: Sleeping          ||     1

Vault maps used:
D:        dungeon_sprint_1

Table legend:
 A = Turns spent in this place as a percentage of turns spent in the entire game.
 B = Non-inter-level travel turns spent in this place as a percentage of non-inter-level travel turns spent in the entire game.
 C = Inter-level travel turns spent in this place as a percentage of turns spent in this place.
 D = Turns resting spent in this place as a percentage of non-inter-level travel turns spent in this place.
 E = Turns spent auto-exploring this place as a percentage of non-inter-level travel turns spent in this place.
 F = Non-inter-level travel turns spent in this place divided by the number of levels of this place that you've seen.
                   A       B       C       D       E      F
               +-------+-------+-------+-------+-------+----------------------
         Total | 100.0 | 100.0 |   0.0 |   0.0 |   0.0 |  92.0
       Dungeon | 100.0 | 100.0 |   0.0 |   0.0 |   0.0 |  92.0
               +-------+-------+-------+-------+-------+----------------------

Table legend:
 A = Kills in this place as a percentage of kills in entire the game.
 B = Kills by you in this place as a percentage of kills by you in the entire game.
 C = Kills by friends in this place as a percentage of kills by friends in the entire game.
 D = Other kills in this place as a percentage of other kills in the entire game.
 E = Experience gained in this place as a percentage of experience gained in the entire game.
 F = Experience gained in this place divided by the number of levels of this place that you have seen.
                   A       B       C       D       E      F
               +-------+-------+-------+-------+-------+----------------------
         Total | 100.0 | 100.0 |  -nan |  -nan | 100.0 |  40.0
       Dungeon | 100.0 | 100.0 |  -nan |  -nan | 100.0 |  40.0
               +-------+-------+-------+-------+-------+----------------------
